 Dungeon Crawl Stone Soup version 0.19-a0-1166-g02d67b9 (webtiles) character file.

53697 Gagarin the Nimble (level 14, -5/136 HPs)
             Began as a Yellow Draconian Conjurer on Aug 14, 2016.
             Was a High Priest of Vehumet.
             Slain by a starcursed mass (8 damage)
             ... while paralysed by accursed screaming
             ... on level 1 of the Abyss.
             The game lasted 01:37:46 (22764 turns).

Gagarin the Nimble (Yellow Draconian Conjurer)     Turns: 22764, Time: 01:37:48

Health: -5/136     AC: 22    Str:  9    XL:     14   Next: 31%
Magic:  21/21      EV:  2    Int: 17    God:    Vehumet [*****.]
Gold:   1049       SH:  0    Dex: 12    Spells: 9 memorised, 3 levels left

rFire  . . .     SeeInvis .     B - +3 great sword (elec)
rCold  + . .     Gourm    .     (armour unavailable)
rNeg   . . .     Faith    .     (shield currently unavailable)
rPois  .         Spirit   .     A - +2 hat {Int+3}
rElec  .         Dismiss  .     (no cloak)
rCorr  +         Reflect  .     f - +2 pair of gloves
MR     +....     Harm     .     C - +2 pair of boots
Stlth  +.........               v - amulet of magic regeneration
                                R - ring of protection from cold
                                O - ring of flight

@: confused, paralysed, icy armour, slow
A: spit acid, acid resistance, unfitting armour, blurry vision 2, dopey 2, low
mp 2, robust 1, slow regeneration 2, weak 2, acidic bite, cold-blooded, AC +8
a: Spit Acid, Renounce Religion, Evoke Flight


You were on level 1 of the Abyss.
You worshipped Vehumet.
Vehumet was extremely pleased with you.
You were not hungry.

You visited 4 branches of the dungeon, and saw 19 of its levels.
You visited the Abyss 1 time.

You collected 1198 gold pieces.
You spent 149 gold pieces at shops.

Inventory:

Hand Weapons
 B - a +3 great sword of electrocution (weapon)
 I - a +1 falchion of flaming
Armour
 f - a +2 pair of gloves (worn)
 A - a +2 hat of intelligence (worn)
 C - a +2 pair of boots (worn)
Jewellery
 v - an amulet of magic regeneration (around neck)
 O - a ring of flight (left hand)
 R - a ring of protection from cold (right hand)
Wands
 J - a wand of heal wounds (0/9)
 L - a wand of iceblast (9/15)
Scrolls
 e - a scroll of vulnerability {unknown}
 h - 2 scrolls of enchant weapon
 k - 3 scrolls of teleportation
 l - a scroll of blinking
 p - 4 scrolls of identify
 q - 5 scrolls of remove curse
 t - 3 scrolls of amnesia
 x - a scroll of fear {unknown}
 y - a scroll of fog
 S - a scroll of torment {unknown}
Potions
 a - a potion of cure mutation {unknown}
 i - a potion of agility
 j - 4 potions of cancellation
 o - a potion of lignification
 r - a potion of haste
 s - a potion of curing
 F - a potion of magic
 H - a potion of flight
 W - a potion of invisibility
Miscellaneous
 K - a sack of spiders
 X - a box of beasts
Comestibles
 b - 11 bread rations
 c - 5 meat rations
 d - a royal jelly
 g - 3 chunks of flesh
 w - 9 slices of pizza
 z - 44 fruits
 Y - a beef jerky


   Skills:
 + Level 11.0 Fighting
 + Level 10.4 Long Blades
 + Level 11.6 Dodging
 + Level 7.3 Stealth
 + Level 8.7 Spellcasting
 + Level 8.5 Conjurations
 + Level 5.1 Hexes
 + Level 2.4 Charms
 + Level 1.5 Summonings
 + Level 1.3 Fire Magic
 * Level 4.8 Ice Magic
 * Level 4.3 Air Magic
 + Level 2.1 Evocations


You had 3 spell levels left.
You knew the following spells:

 Your Spells              Type           Power        Failure   Level  Hunger
a - Magic Dart            Conj           ####         1%          1    None
b - Searing Ray           Conj           #####.       1%          2    None
c - Dazzling Spray        Conj/Hex       ####..       1%          3    #......
d - Iskenderun's Mystic   Conj           #####...     1%          4    ###....
e - Freezing Cloud        Conj/Ice/Air   ####......   54%         6    ######.
f - Inner Flame           Hex/Fire       ###.....     2%          3    #......
g - Spectral Weapon       Hex/Chrm       ###.....     10%         3    #......
h - Call Imp              Summ           ##......     10%         2    None
i - Ozocubu's Armour      Chrm/Ice       ###.....     10%         3    #......


Dungeon Overview and Level Annotations

Branches:
Dungeon (10/15)            Temple (1/1) D:4            Lair (6/6) D:10
 Shoals (0/4) Lair:4        Snake (0/4) Lair:3        Slime (0/5) Lair:6
    Orc (2/2) D:9
    Elf: Orc:2

Altars:
Ashenzari
Cheibriados
Dithmenos
Elyvilon
Fedhas
Gozag
Hepliaklqana
Kikubaaqudgha
Makhleb
Nemelex Xobeh
Okawaru
Pakellas
Qazlal
Ru
Trog
Uskayaw
Vehumet
Xom
Yredelemnul
Zin
The Shining One
Jiyva

Shops:
D:6 (   D:8 }

Annotations:
Lair:6 1 runed door


Innate Abilities, Weirdness & Mutations

You can spit globs of acid.
You are resistant to acid.
Your golden yellow scales are hard. (AC +8)
Your body does not fit into most forms of armour.
You have acidic saliva.
You are cold-blooded and may be slowed by cold attacks.
You are robust. (+10% HP)
[Scrolls take you longer to read.]
[You are very dopey. (Int -4)]
[Your magical capacity is very low. (-20% MP)]
[You do not regenerate naturally when monsters are visible.]
[You are very weak. (Str -4)]


Message History

The starcursed mass closely misses your spectral weapon.
You slash the wretched star!
The wretched star is almost destroyed.
Your spectral weapon hits the wretched star!!
You destroy the wretched star!
Vehumet accepts your kill.
The starcursed mass closely misses your spectral weapon.
The starcursed mass engulfs you!
* * * LOW HITPOINT WARNING * * *
The starcursed mass engulfs your spectral weapon!
Your spectral weapon shares its damage with you!
Your spectral weapon fades away.
* * * LOW HITPOINT WARNING * * *
You are confused.
You feel invigorated.
The starcursed mass engulfs you but does no damage.
A cacophony of accursed wailing tears at your sanity!
* * * LOW HITPOINT WARNING * * *
You suddenly lose the ability to move!
The starcursed mass engulfs you!
You die... ..# .#..# . . . #.ยงยง #...# .. ... ##.. # ...####.....## . . #..#..#.#..#.. #.XXXX#

.... .
#..#XXX#.....#.
.. . #.X..@##..
## ..#
...#.#.####. ..
# # # ## #.
.... # . . .
.#.. # . # . #
# #. .# . # ..
. .# ..... . #
#. .#....# # ..
. . . .# ##. #
#


You could see 8 starcursed masses.

Vanquished Creatures
  Gastronok (Lair:2)
  2 dire elephants (Lair:6)
  8 hydras
  A merfolk avatar (Lair:6)
  A catoblepas (Lair:5)
  A wretched star (Abyss:1)
  The ghost of Duffy the Carver, a novice DDGl of Makhleb (D:9)
  A giant orange brain (Abyss:1)
  2 starcursed masses (Abyss:1)
  A hill giant (Lair:1)
  A worldbinder (Abyss:1)
  5 griffons (Lair:6)
  2 manticores (Lair:6)
  2 sirens (Lair:4)
  4 elephants (Lair:6)
  An iron dragon skeleton (Abyss:1)
  A smoke demon (Abyss:1)
  12 black mambas
  Psyche (D:9)
  A torpor snail (Lair:6)
  16 spiny frogs
  A rime drake (Lair:4)
  5 komodo dragons
  2 merfolk (Lair:4)
  2 trolls (D:10)
  6 polar bears (Lair:6)
  25 blink frogs
  A raiju (Abyss:1)
  A slime creature (D:10)
  A ynoxinul (Abyss:1)
  A spriggan (Lair:2)
  A wraith (Abyss:1)
  A vampire (D:9)
  38 yaks
  5 wyverns
  A golden eye (Abyss:1)
  A basilisk (Lair:1)
  A chaos spawn (Abyss:1)
  4 hippogriffs
  A warg (Orc:1)
  20 water moccasins
  5 orc warriors
  Duvessa (D:6)
  7 porcupines
  5 wasps (Lair:6)
  A black bear (Lair:2)
  2 ice beasts
  A necrophage (D:9)
  4 sky beasts
  4 ogres
  An eye of draining (Abyss:1)
  4 centaurs
  13 crocodiles
  4 big kobolds
  14 giant frogs
  Dowan (D:6)
  A gnoll sergeant (D:9)
  3 scorpions
  A water moccasin skeleton (D:9)
  8 killer bees
  4 wights (D:7)
  2 electric eels (Lair:6)
  A crimson imp (D:7)
  2 howler monkeys
  A wasp zombie (D:10)
  A giant frog skeleton (D:8)
  A giant frog zombie (D:9)
  A lava snake (Lair:2)
  7 jellies
  7 hounds
  4 orc priests
  6 orc wizards
  2 small abominations (Abyss:1)
  8 iguanas
  5 worker ants
  A killer bee zombie (D:7)
  2 sheep (D:9)
  A hound skeleton (D:10)
  2 hound zombies
  4 gnolls (D:9)
  40 river rats
  16 adders
  A shadow imp (D:10)
  12 white imps (Lair:3)
  2 oozes
  2 worms (D:2)
  A dart slug (D:4)
  4 giant geckos
  23 orcs
  2 bats
  3 giant cockroaches
  9 goblins
  7 hobgoblins
  11 jackals
  7 quokkas
  4 ball pythons
  A giant gecko skeleton (D:6)
  3 giant newts
  A jackal skeleton (D:6)
  A jackal zombie (D:7)
  8 kobolds
  A quokka skeleton (D:8)
  17 rats
  A bush (D:4)
  A fungus (Lair:3)
  3 plants
506 creatures vanquished.

Vanquished Creatures (others)
  A golden eye (Abyss:1)
  A river rat (Lair:6)
  3 fulminant prisms
  9 fungi
  9 plants
  11 spectral weapons
34 creatures vanquished.

Grand Total: 540 creatures vanquished

Notes
Turn   | Place    | Note
-------+----------+-------------------------------------------
     0 | D:1      | Gagarin the Draconian Conjurer began the quest for the Orb.
     0 | D:1      | Reached XP level 1. HP: 14/14 MP: 3/3
   290 | D:1      | Reached XP level 2. HP: 20/20 MP: 0/5
   321 | D:1      | Learned a level 2 spell: Searing Ray
   884 | D:2      | Found a shadowy altar of Dithmenos.
   898 | D:2      | Reached XP level 3. HP: 24/27 MP: 2/6
   908 | D:2      | Reached skill level 1 in Fighting
   978 | D:2      | Learned a level 3 spell: Dazzling Spray
  1012 | D:2      | Found a shattered altar of Ashenzari.
  1271 | D:2      | Reached XP level 4. HP: 31/35 MP: 0/7
  2697 | D:4      | Found an opulent altar of Gozag.
  2982 | D:4      | Noticed an ogre
  3003 | D:4      | Killed an ogre
  3003 | D:4      | Reached XP level 5. HP: 8/42 MP: 0/8
  3296 | D:4      | Reached XP level 6. HP: 34/50 MP: 0/9
  3538 | D:4      | Found a staircase to the Ecumenical Temple.
  3684 | Temple   | Entered the Ecumenical Temple
  3818 | Temple   | Became a worshipper of Vehumet
  4277 | D:5      | Entered Level 5 of the Dungeon
  4334 | D:5      | Got an encrusted mace
  4335 | D:5      | Identified the cursed +3 mace of Leufox {crush, Fragile rF+ Str+3} (You found it on level 5 of the Dungeon)
  4358 | D:5      | Noticed an ice beast
  4370 | D:5      | Killed an ice beast
  4370 | D:5      | Reached skill level 5 in Conjurations
  4755 | D:5      | Your scales start taking on a golden yellow colour.
  4755 | D:5      | Reached XP level 7. HP: 17/58 MP: 0/11
  5223 | D:5      | Learned a level 4 spell: Iskenderun's Mystic Blast
  5232 | D:5      | Reached skill level 1 in Long Blades
  6033 | D:6      | Found Meerph's Antique Weapon Boutique.
  6048 | D:6      | Bought a runed great sword for 149 gold pieces
  6083 | D:6      | Noticed Duvessa
  6083 | D:6      | Noticed Dowan
  6091 | D:6      | Killed Duvessa
  6091 | D:6      | Reached skill level 5 in Dodging
  6091 | D:6      | Reached XP level 8. HP: 63/67 MP: 4/13
  6092 | D:6      | Killed Dowan
  6099 | D:6      | Found a sparkling altar of Nemelex Xobeh.
  6194 | D:6      | Reached skill level 5 in Fighting
  6218 | D:6      | Found an iron altar of Okawaru.
  6437 | D:6      | Reached * piety under Vehumet
  6437 | D:6      | Offered knowledge of Sting by Vehumet.
  6734 | D:7      | Reached skill level 1 in Hexes
  7338 | D:7      | Reached XP level 9. HP: 51/75 MP: 9/15
  7653 | D:8      | Learned a level 4 spell: Fulminant Prism
  7806 | D:8      | Reached ** piety under Vehumet
  7806 | D:8      | Offered knowledge of Sandblast by Vehumet.
  8348 | D:8      | Found Juhoeff's Gadget Shoppe.
  8660 | D:9      | Noticed Duffy's ghost (novice DDGl)
  9129 | D:9      | Found a staircase to the Orcish Mines.
  9144 | D:9      | Noticed Psyche
  9145 | D:9      | HP: 1/78 [Psyche/magic dart (5)]
  9147 | D:9      | Reached skill level 5 in Long Blades
  9162 | D:9      | Killed Psyche
  9424 | D:9      | Offered knowledge of Inner Flame by Vehumet.
  9431 | D:9      | Reached XP level 10. HP: 61/86 MP: 16/16
  9452 | D:9      | Learned a level 3 spell: Inner Flame
  9560 | D:9      | Noticed a two-headed hydra
  9565 | D:9      | Killed a one-headed hydra
  9689 | D:9      | Reached *** piety under Vehumet
  9855 | D:9      | Reached skill level 5 in Spellcasting
  9975 | D:10     | Entered Level 10 of the Dungeon
 10195 | D:10     | Offered knowledge of Throw Icicle by Vehumet.
 10202 | D:10     | Found a burning altar of Makhleb.
 10249 | D:10     | Found a staircase to the Lair.
 10646 | D:10     | Found a viscous altar of Jiyva.
 11240 | D:10     | Reached XP level 11. HP: 73/95 MP: 19/19
 11422 | D:10     | Reached **** piety under Vehumet
 11620 | Lair:1   | Entered Level 1 of the Lair of Beasts
 11713 | Lair:1   | Offered knowledge of Stone Arrow by Vehumet.
 11995 | Lair:1   | Reached skill level 1 in Fire Magic
 11998 | Lair:1   | Reached skill level 5 in Stealth
 12105 | Lair:1   | Noticed a hill giant
 12114 | Lair:1   | Killed a hill giant
 12942 | Lair:1   | Noticed an eight-headed hydra
 12960 | Lair:1   | Killed a five-headed hydra
 13859 | Lair:2   | Identified the Papyrus of the Bewitching Blaze
 13871 | Lair:2   | Learned a level 3 spell: Spectral Weapon
 14306 | Lair:2   | HP: 2/97 [blink frog (6)]
 14317 | Lair:2   | Reached ***** piety under Vehumet
 14317 | Lair:2   | Reached skill level 1 in Evocations
 14328 | Lair:2   | Reached XP level 12. HP: 45/104 MP: 18/21
 14483 | Lair:2   | Noticed Gastronok
 14690 | Lair:2   | Killed Gastronok
 14951 | Lair:2   | Reached skill level 10 in Dodging
 15096 | Lair:2   | Identified the Papyrus of the Hare
 15123 | Lair:2   | Learned a level 2 spell: Call Imp
 15455 | Lair:2   | Offered knowledge of Lee's Rapid Deconstruction by Vehumet.
 15628 | Lair:3   | Reached skill level 1 in Summonings
 15701 | Lair:3   | Found a staircase to the Snake Pit.
 16301 | Lair:3   | Found a frozen archway.
 16632 | Lair:3   | Reached skill level 10 in Fighting
 16986 | Lair:4   | Found a staircase to the Shoals.
 17619 | Lair:4   | Reached skill level 1 in Charms
 17856 | Lair:4   | Reached XP level 13. HP: 106/113 MP: 24/24
 18246 | Lair:5   | Gained mutation: You are robust. (+10% HP) [potion of beneficial mutation]
 18663 | Lair:5   | Learned a level 3 spell: Ozocubu's Armour
 19553 | Lair:6   | Entered Level 6 of the Lair of Beasts
 19553 | Lair:6   | Found a runed door.
 19578 | Lair:6   | Found a viscous altar of Jiyva.
 19581 | Lair:6   | Found a staircase to the Slime Pits.
 19682 | Lair:6   | Offered knowledge of Freezing Cloud by Vehumet.
 19717 | Lair:6   | Learned a level 6 spell: Freezing Cloud
 19770 | Lair:6   | Reached skill level 1 in Ice Magic
 20210 | Lair:6   | Reached skill level 1 in Air Magic
 20241 | Lair:6   | Reached skill level 10 in Long Blades
 20485 | Lair:6   | Noticed a dire elephant
 20508 | Lair:6   | Killed a dire elephant
 20783 | Lair:6   | Reached skill level 5 in Hexes
 20806 | Lair:6   | Noticed a dire elephant
 20817 | Lair:6   | Killed a dire elephant
 21090 | Lair:6   | Gained mutation: You have acidic saliva. [Yellow Draconian growth]
 21090 | Lair:6   | Reached XP level 14. HP: 84/134 MP: 26/26
 21974 | D:9      | Killed Duffy's ghost
 21976 | D:9      | Offered knowledge of Irradiate by Vehumet.
 22292 | Orc:1    | Entered Level 1 of the Orcish Mines
 22437 | Orc:2    | Entered Level 2 of the Orcish Mines
 22451 | Orc:2    | Cast into level 1 of the Abyss (orc)
 22544 | Abyss:1  | Noticed a tentacled starspawn
 22609 | Abyss:1  | Noticed a revenant
 22746 | Abyss:1  | Noticed a starcursed mass
 22760 | Abyss:1  | Paralysed by accursed screaming for 2 turns
 22764 | Abyss:1  | HP: 3/136 [starcursed mass/accursed screaming (11)]
 22764 | Abyss:1  | Paralysed by accursed screaming for 2 turns
 22764 | Abyss:1  | Slain by a starcursed mass

Vault maps used:
D:1:      minmay_arrival_shattered_statue
D:2:      lemuel_doored_altar, nicolae_dithmenos_shadow_blocks, first_bread
D:4:      overflow_temple_1_default, serial_forest,
          infiniplex_forest_lined_ring, infiniplex_forest_diagonal,
          infiniplex_forest_zigzag_2, infiniplex_forest_straight_4,
          infiniplex_forest_lined_room_3, infiniplex_forest_end_1,
          infiniplex_forest_split, infiniplex_forest_lined_2,
          infiniplex_forest_end_3
D:6:      nemelex_altar_shiori, kennysheep_okawaru_gauntlet, serial_shops,
          nicolae_shop_waterfront, uniq_duvessa
D:8:      serial_shops, kennysheep_little_box
D:9:      nicolae_overflow_hidden_temple, david_orc_2, hangedman_ranch,
          uniq_psyche
D:10:     lair_0_dummy, basic_altar, jiyva_altar_1
Temple:   compressed_dpeg_circular_temple
Lair:1:   grunt_megastairs_5
Lair:2:   wad_woods_03, uniq_gastronok
Lair:3:   minmay_snake_entry_six_corridors, portal_ice_cave_entry_imps
Lair:4:   elwin_shoals_entry_stream, infiniplex_staircase_pool
Lair:5:   grunt_forest_large_clearings
Lair:6:   gammafunk_lair_ancient_temple, slime_altar_2, serial_bayou_shore_a
Orc:1:    nicolae_orc_rockfall, uniq_josephine
Orc:2:    kennysheep_orc_mage_school
Abyss:1:  bh_abyss_exit_spiral

Skill      XL: |  1  2  3  4  5  6  7  8  9 10 11 12 13 14 |
---------------+-------------------------------------------+-----
Dodging        | 2 3 4 5 6 7 8 9 10 11 | 11.6
Stealth        | 2 3 4 5 6 7 |  7.3
Fighting       | 1 2 3 4 6 7 8 9 10 11 | 11.0
Conjurations   | 5 6 7 8 |  8.5
Long Blades    | 1 3 5 7 8 9 10 | 10.4
Spellcasting   | 3 4 5 6 7 8 |  8.7
Hexes          | 1 2 3 4 5 |  5.1
Fire Magic     | 1 |  1.3
Evocations     | 1 2 |  2.1
Summonings     | 1 |  1.5
Charms         | 1 2 |  2.4
Ice Magic      | 3 4 |  4.8
Air Magic      | 3 4 |  4.3

Action                   |  1- 3 |  4- 6 |  7- 9 | 10-12 | 13-15 || total
-------------------------+-------+-------+-------+-------+-------++-------
Melee: Short sword       |    90 |   124 |       |       |       ||   214
       Unarmed           |     4 |       |       |       |       ||     4
       Tailslap          |     7 |    32 |    20 |    60 |    65 ||   184
       Falchion          |       |   131 |    51 |     7 |    54 ||   243
       Mace              |       |     4 |       |       |       ||     4
       Great sword       |       |       |   187 |   629 |   438 ||  1254
       Bite              |       |       |       |       |    21 ||    21
 Cast: Magic Dart        |    18 |    31 |    31 |    56 |    22 ||   158
       Searing Ray       |     3 |    11 |    15 |    23 |     1 ||    53
       Dazzling Spray    |       |     3 |    19 |    71 |    25 ||   118
       Iskenderun's Myst |       |       |     5 |    15 |    10 ||    30
       Inner Flame       |       |       |       |     9 |       ||     9
       Fulminant Prism   |       |       |       |     3 |       ||     3
       Spectral Weapon   |       |       |       |    10 |    32 ||    42
       Call Imp          |       |       |       |     6 |     1 ||     7
       Ozocubu's Armour  |       |       |       |       |    21 ||    21
 Abil: Spit Acid         |       |       |     3 |     1 |       ||     4
       Evoke Flight      |       |       |       |       |     4 ||     4
Evoke: Wand              |       |       |       |    11 |     7 ||    18
       Sack of spiders   |       |       |       |     3 |       ||     3
  Use: Scroll            |       |     5 |     4 |    10 |    12 ||    31
       Potion            |       |       |     4 |     3 |     8 ||    15
 Stab: Sleeping          |     1 |     4 |    10 |     7 |     5 ||    27
       Invisible         |       |       |     1 |    15 |     9 ||    25
       Distracted        |       |       |       |     3 |     1 ||     4
  Eat: Chunk             |     2 |    12 |    16 |    23 |    18 ||    71
       Meat ration       |       |       |     1 |     1 |       ||     2
       Beef jerky        |       |       |       |     2 |       ||     2
       Fruit             |       |       |       |     1 |       ||     1
       Pizza             |       |       |       |     1 |       ||     1
Armor: Skin              |    34 |    52 |    78 |   195 |   172 ||   531
Dodge: Dodged            |    74 |   109 |   169 |   471 |   404 ||  1227
